 Dungeon Crawl Stone Soup version 0.30-a0-862-g1aabd4f9c5 (webtiles) character file.

Game seed: 7419102435523963859

7443 retardedninja the Blocker (level 11, 0/89 HPs)
             Began as a Gnoll Fighter on Mar 8, 2023.
             Was an Initiate of Gozag.
             Killed from afar by a deep elf pyromancer (31 damage)
             ... with a bolt of fire
             ... on level 9 of the Dungeon.
             The game lasted 00:15:15 (14257 turns).

retardedninja the Blocker (Gnoll Fighter)          Turns: 14257, Time: 00:15:16

Health: 0/89       AC: 20    Str: 19    XL:     11   Next: 15%
Magic:  20/20      EV:  8    Int:  8    God:    Gozag
Gold:   854        SH:  7    Dex: 18    Spells: 22/22 levels left

rFire   . . .      SeeInvis .    a - +0 war axe (freeze)
rCold   . . .      Faith    .    c - +0 buckler
rNeg    . . .      Spirit   .    b - +0 plate armour
rPois   .          Reflect  .    s - +0 helmet
rElec   .          Rampage  .    d - +2 cloak
rCorr   .                        m - +0 pair of gloves
Will    +....                    (no boots) Stlth
                                 A - amulet of regeneration
HPRegen 1.14/turn                r - ring of willpower
MPRegen 0.17/turn                i - +6 ring of dexterity

@: no status effects
A: fangs 1, strong nose, distributed training
a: Renounce Religion, Potion Petition, Call Merchant, Bribe Branch


You were on level 9 of the Dungeon.
You worshipped Gozag.
Gozag was pleased with you.
You visited 2 branches of the dungeon, and saw 10 of its levels.
You also visited: Bailey.

You collected 977 gold pieces.
You paid 123 gold pieces to Gozag.

Inventory:

Hand Weapons
 a - a +0 war axe of freezing (weapon)
 t - the +6 spear of Inference {drain, Drain rPois rN+ Dex+3}
   (You found it on level 3 of the Dungeon)

   Dex:       It affects your dexterity (+3).
   rPois:     It protects you from poison.
   rN:        It protects you from negative energy.
   Drain:     It drains your maximum health when unequipped.
Missiles
 x - 3 throwing nets
 C - 2 silver javelins (quivered)
Armour
 b - a +0 plate armour (worn)
 c - a +0 buckler (worn)
 d - a +2 cloak (worn)
 m - a +0 pair of gloves (worn)
 s - a +0 helmet (worn)
Jewellery
 i - a +6 ring of dexterity (right hand)
 p - a ring of resist corrosion
 r - a ring of willpower (left hand)
 A - an amulet of regeneration (around neck)
Scrolls
 e - a scroll of identify
 f - a scroll of silence
 g - a scroll of fear
 j - 2 scrolls of amnesia
 k - 3 scrolls of teleportation
 l - a scroll of immolation {unknown}
 o - a scroll of magic mapping {unknown}
 q - 2 scrolls of enchant weapon {unknown}
 u - a scroll of poison
 y - a scroll of enchant armour {unknown}
Potions
 h - 2 potions of resistance
 n - 2 potions of mutation
 v - a potion of cancellation {unknown}
 w - 2 potions of brilliance
 z - a potion of flight


   Skills:
 + Level 9.1 Fighting
 + Level 6.2 Short Blades
 + Level 6.2 Long Blades
 + Level 7.8 Axes
 + Level 6.2 Maces & Flails
 + Level 6.2 Polearms
 + Level 6.2 Staves
 + Level 6.2 Ranged Weapons
 + Level 6.2 Throwing
 + Level 9.1 Armour
 + Level 6.2 Dodging
 + Level 6.2 Stealth
 + Level 9.1 Shields
 + Level 6.2 Unarmed Combat
 + Level 6.2 Spellcasting
 + Level 5.1 Conjurations
 + Level 5.1 Hexes
 + Level 5.1 Summonings
 + Level 5.1 Necromancy
 + Level 5.1 Translocations
 + Level 5.1 Transmutations
 + Level 5.1 Fire Magic
 + Level 5.1 Ice Magic
 + Level 5.1 Air Magic
 + Level 5.1 Earth Magic
 + Level 5.1 Poison Magic
 + Level 6.8 Invocations
 + Level 6.2 Evocations


You had 22 spell levels left.
You didn't know any spells.
Your spell library contained the following spells:

 Spells                   Type           Power      Damage    Failure   Level
 Blink                    Tloc           20%        N/A       71%         2
 Lesser Beckoning         Tloc           20%        N/A       71%         2
 Momentum Strike          Conj/Tloc      20%        3d8       71%         2
 Gell's Gravitas          Tloc           10%        N/A       91%         3
 Portal Projectile        Hex/Tloc       20%        N/A       91%         3
 Teleport Other           Tloc           10%        N/A       91%         3
 Tukima's Dance           Hex            10%        N/A       91%         3
 Passage of Golubria      Tloc           10%        N/A       100%        4
 Blade Hands              Tmut           5%         N/A       100%        5
 Silence                  Hex/Air        5%         N/A       100%        5
 Dispersal                Tloc           5%         N/A       100%        6
 Lehudib's Crystal Spear  Conj/Erth      5%         10d3      100%        8


Dungeon Overview and Level Annotations

Branches:
Dungeon (9/15)             Temple (1/1) D:7          Bailey (visited)
   Lair: D:8-11         Orc: D:9-12

Altars:
Ashenzari
Cheibriados
Elyvilon
Fedhas
Gozag
Hepliaklqana
Kikubaaqudgha
Makhleb
Nemelex Xobeh
Okawaru
Qazlal
Ru
Sif Muna
Trog
Uskayaw
Vehumet
Xom
Yredelemnul
The Shining One

Shops:
D:2 !   D:6 *


Innate Abilities, Weirdness & Mutations

You have very sharp teeth.
Your uncanny sense of smell can sniff out nearby items.
Your experience applies equally to all skills.


Message History

q - 2 scrolls labelled CAODEDGH QEQEJA (gained 1) Key pressed, stopping explore.
Found 2 silver javelins.
Found a trident.
p - a ring of resist corrosion
v - a glowing black potion
Found a sling.
No target in view!
A deep elf pyromancer comes into view. It is wielding a +0 short sword.
The deep elf pyromancer shouts!
The deep elf pyromancer casts a spell at you.
The bolt of fire hits you!!
You see here 2 silver javelins.
C - 2 silver javelins The deep elf pyromancer barely misses you.
The deep elf pyromancer casts a spell.
The deep elf pyromancer blinks!
The deep elf pyromancer casts a spell at you.
The bolt of fire hits you!!!
The deep elf pyromancer gestures wildly while chanting.
The deep elf pyromancer blinks!
You feel better.
Okay, then.
You barely miss the deep elf pyromancer.
You block the deep elf pyromancer's attack.
You closely miss the deep elf pyromancer.
You bite the deep elf pyromancer, but do no damage.
The deep elf pyromancer barely misses you.
You slash the deep elf pyromancer! You freeze the deep elf pyromancer.
Your bite misses the deep elf pyromancer.
The deep elf pyromancer is moderately wounded.
The deep elf pyromancer gestures at you while chanting.
The bolt of fire hits you!
You miss the deep elf pyromancer.
You bite the deep elf pyromancer, but do no damage.
The deep elf pyromancer is moderately wounded.
The deep elf pyromancer casts a spell at you.
The bolt of fire hits you!!
You die...
Your body crumbles into a pile of gold.

#...).##....#....# ##.....
#....#...##...######....##
#....#..###.......##.....#
#......###..........###..
#.......#..#..........#.#
##......#.##....#...#...#
##........##...##..##...
#....e...##..##....#..#
###...@...............#
#####......####.........#
#...........#............
....###.......#..###.......
## #...........#........
##...#......##.......
#####...............
#.................
#.................


You could see a deep elf pyromancer.

Vanquished Creatures
  A boulder beetle (D:9)
  A manticore (D:8)
  An unseen horror (D:7)
  Maggie (D:7)
  2 trolls (D:8)
  Prince Ribbit (Bailey)
  5 yaks (D:8)
  4 humans (Bailey)
  2 shadows
  A steam dragon (D:8)
  5 water moccasins
  Duvessa (D:6)
  An ice beast (D:5)
  An orc warrior (D:9)
  2 ogres (D:7)
  A centaur (D:5)
  A phantom (D:6)
  3 kobold brigands
  A gnoll sergeant (D:8)
  A scorpion (D:5)
  10 bullfrogs
  9 wights
  Dowan (D:6)
  3 howler monkeys (D:9)
  2 jellies (D:6)
  4 orc priests
  A hound (D:5)
  Crazy Yiuf (D:2)
  2 iguanas
  2 sleepcaps
  Jessica (D:3)
  Terence (D:2)
  7 orc wizards
  13 gnolls
  9 adders
  A shadow imp (D:8)
  A worm zombie (D:4)
  A worm (D:2)
  A dart slug (D:1)
  18 orcs
  6 ball pythons
  2 bats
  7 endoplasms
  4 giant cockroaches
  14 goblins
  13 hobgoblins
  A jackal (D:1)
  15 kobolds
  2 quokkas
  5 frilled lizards
  2 rats (D:1)
195 creatures vanquished.

Vanquished Creatures (others)
  A kobold brigand (D:9)
  An orc wizard (D:9)
  2 kobolds (D:9)
4 creatures vanquished.

Grand Total: 199 creatures vanquished

Notes
Turn   | Place    | Note
-------+----------+-------------------------------------------
     0 | D:1      | retardedninja the Gnoll Fighter began the quest for the
                  | Orb.
     0 | D:1      | Reached XP level 1. HP: 23/23 MP: 1/1
    56 | D:1      | Reached XP level 2. HP: 26/29 MP: 2/2
   287 | D:1      | Reached XP level 3. HP: 30/35 MP: 3/3
   546 | D:2      | Reached skill level 1 in Invocations
   624 | D:1      | Reached skill level 1 in Short Blades
   624 | D:1      | Reached skill level 1 in Long Blades
   624 | D:1      | Reached skill level 1 in Maces & Flails
   624 | D:1      | Reached skill level 1 in Polearms
   624 | D:1      | Reached skill level 1 in Staves
   624 | D:1      | Reached skill level 1 in Ranged Weapons
   624 | D:1      | Reached skill level 1 in Throwing
   624 | D:1      | Reached skill level 1 in Dodging
   624 | D:1      | Reached skill level 1 in Stealth
   624 | D:1      | Reached skill level 1 in Unarmed Combat
   624 | D:1      | Reached skill level 1 in Spellcasting
   624 | D:1      | Reached skill level 1 in Evocations
   918 | D:1      | Reached XP level 4. HP: 18/41 MP: 5/5
  1612 | D:1      | Reached skill level 1 in Conjurations
  1612 | D:1      | Reached skill level 1 in Hexes
  1612 | D:1      | Reached skill level 1 in Summonings
  1612 | D:1      | Reached skill level 1 in Necromancy
  1612 | D:1      | Reached skill level 1 in Translocations
  1612 | D:1      | Reached skill level 1 in Transmutations
  1612 | D:1      | Reached skill level 1 in Fire Magic
  1612 | D:1      | Reached skill level 1 in Ice Magic
  1612 | D:1      | Reached skill level 1 in Air Magic
  1612 | D:1      | Reached skill level 1 in Earth Magic
  1612 | D:1      | Reached skill level 1 in Poison Magic
  1831 | D:2      | Identified the +0 robe of Gehenna {Harm Rampage Int+3}
  2032 | D:2      | Noticed Terence
  2047 | D:2      | Killed Terence
  2048 | D:2      | Reached XP level 5. HP: 33/47 MP: 5/7
  2065 | D:2      | Found a faded altar of an unknown god.
  2128 | D:2      | Found Vaam's Distillery.
  2251 | D:2      | Found a runed translucent door.
  2252 | D:2      | Noticed Crazy Yiuf
  2261 | D:2      | Killed Crazy Yiuf
  2591 | D:3      | Noticed Jessica
  2597 | D:3      | Killed Jessica
  2863 | D:3      | Identified the +6 spear of Inference {drain, Drain rPois
                  | rN+ Dex+3}
  3584 | D:4      | Found a white marble altar of Elyvilon.
  3616 | D:4      | Reached XP level 6. HP: 14/53 MP: 8/8
  3912 | D:4      | Reached skill level 5 in Axes
  4342 | D:5      | Entered Level 5 of the Dungeon
  4702 | D:5      | Reached XP level 7. HP: 36/60 MP: 10/10
  6195 | D:6      | Reached XP level 8. HP: 27/67 MP: 12/12
  6583 | D:6      | Noticed Dowan
  6586 | D:6      | Noticed Duvessa
  6601 | D:6      | Killed Duvessa
  6608 | D:6      | Killed Dowan
  7249 | D:6      | Found Hiyfeamp's General Store.
  7613 | D:7      | Found a flagged portal.
  7630 | Bailey   | Entered a bailey
  8025 | Bailey   | Reached XP level 9. HP: 69/73 MP: 14/14
  8128 | Bailey   | Noticed Prince Ribbit
  8155 | Bailey   | Killed Prince Ribbit
  8156 | Bailey   | Reached skill level 5 in Invocations
  8387 | Bailey   | Noticed a vault guard
  8470 | D:7      | Found a staircase to the Ecumenical Temple.
  8514 | Temple   | Entered the Ecumenical Temple
  8590 | Temple   | Became a worshipper of Gozag Ym Sagoz the Greedy
  8871 | D:7      | Noticed a hornet
  8876 | D:7      | Paralysed by a hornet for 3 turns
  9539 | D:7      | Paralysed by a hornet for 2 turns
 10010 | D:7      | Reached skill level 5 in Short Blades
 10010 | D:7      | Reached skill level 5 in Long Blades
 10010 | D:7      | Reached skill level 5 in Maces & Flails
 10010 | D:7      | Reached skill level 5 in Polearms
 10010 | D:7      | Reached skill level 5 in Staves
 10010 | D:7      | Reached skill level 5 in Ranged Weapons
 10010 | D:7      | Reached skill level 5 in Throwing
 10010 | D:7      | Reached skill level 5 in Dodging
 10010 | D:7      | Reached skill level 5 in Stealth
 10010 | D:7      | Reached skill level 5 in Unarmed Combat
 10010 | D:7      | Reached skill level 5 in Spellcasting
 10010 | D:7      | Reached skill level 5 in Evocations
 10183 | D:7      | Killed an unseen horror
 10184 | D:7      | Reached XP level 10. HP: 59/82 MP: 17/17
 10366 | D:7      | Noticed Maggie
 10405 | D:7      | HP: 4/82 [Maggie/+2 halberd of distortion (5)]
 10837 | D:7      | Killed Maggie
 11594 | D:8      | Noticed a manticore
 11603 | D:8      | Killed a manticore
 13197 | D:9      | Noticed a boulder beetle
 13438 | D:8      | Reached skill level 5 in Conjurations
 13438 | D:8      | Reached skill level 5 in Hexes
 13438 | D:8      | Reached skill level 5 in Summonings
 13438 | D:8      | Reached skill level 5 in Necromancy
 13438 | D:8      | Reached skill level 5 in Translocations
 13438 | D:8      | Reached skill level 5 in Transmutations
 13438 | D:8      | Reached skill level 5 in Fire Magic
 13438 | D:8      | Reached skill level 5 in Ice Magic
 13438 | D:8      | Reached skill level 5 in Air Magic
 13438 | D:8      | Reached skill level 5 in Earth Magic
 13438 | D:8      | Reached skill level 5 in Poison Magic
 13571 | D:8      | Reached XP level 11. HP: 31/89 MP: 20/20
 14071 | D:9      | Killed a boulder beetle
 14231 | D:9      | Noticed a deep elf pyromancer
 14257 | D:9      | Killed from afar by a deep elf pyromancer

Illustrated notes

Levels and vault maps discovered:
D:1:      ncdulo_halloftheorcs, layout_basic, minmay_split_cup_small
D:2:      layout_rooms, serial_glass, glass_columns_a, glass_columns_b,
          feat_on_display, item_on_display_a, minmay_strange_pillars,
          minmay_strange_pillars, dreamdust_ecumenical_altar_statues,
          serial_shops, nicolae_diamond_shop, uniq_terence,
          uniq_crazy_yiuf_cottage
D:3:      layout_basic, uniq_jessica
D:4:      layout_loops_cross, mainiacjoe_overflow_surrounded_room,
          enter_ossuary_3
D:5:      layout_loops_ring
D:6:      layout_basic, serial_shops, shop_coins, uniq_duvessa
D:7:      layout_loops_corners, minmay_temple_entry_grid, enter_bailey_5,
          uniq_maggie
D:8:      layout_basic
D:9:      layout_cave_pools, nicolae_two_hexagons, minivault_20, uniq_amaemon
Temple:   compressed_dpeg_circular_temple

Skill      XL: |  1  2  3  4  5  6  7  8  9 10 |
---------------+-------------------------------+-----
Invocations    | 1 2 3 4 5 6 |  6.8
Short Blades   | 1 2 3 5 6 |  6.2
Long Blades    | 1 2 3 5 6 |  6.2
Maces & Flails | 1 2 3 5 6 |  6.2
Polearms       | 1 2 3 5 6 |  6.2
Staves         | 1 2 3 5 6 |  6.2
Ranged Weapons | 1 2 3 5 6 |  6.2
Throwing       | 1 2 3 5 6 |  6.2
Dodging        | 1 2 3 5 6 |  6.2
Stealth        | 1 2 3 5 6 |  6.2
Unarmed Combat | 1 2 3 5 6 |  6.2
Spellcasting   | 1 2 3 5 6 |  6.2
Evocations     | 1 2 3 5 6 |  6.2
Conjurations   | 1 2 3 4 5 |  5.1
Hexes          | 1 2 3 4 5 |  5.1
Summonings     | 1 2 3 4 5 |  5.1
Necromancy     | 1 2 3 4 5 |  5.1
Translocations | 1 2 3 4 5 |  5.1
Transmutations | 1 2 3 4 5 |  5.1
Fire Magic     | 1 2 3 4 5 |  5.1
Ice Magic      | 1 2 3 4 5 |  5.1
Air Magic      | 1 2 3 4 5 |  5.1
Earth Magic    | 1 2 3 4 5 |  5.1
Poison Magic   | 1 2 3 4 5 |  5.1
Axes           | 5 6 7 |  7.8
Fighting       | 7 8 9 |  9.1
Armour         | 7 8 9 |  9.1
Shields        | 7 8 9 |  9.1

Action                     |  1- 3 |  4- 6 |  7- 9 | 10-12 || total
---------------------------+-------+-------+-------+-------++-------
  Melee: War axe           |    99 |   165 |   312 |   217 ||   793
         Bite              |     9 |    15 |    29 |    37 ||    90
  Evoke: Wand              |       |     1 |     1 |       ||     2
    Use: Scroll            |     3 |     2 |    13 |     5 ||    23
         Potion            |       |     1 |     5 |     4 ||    10
   Stab: Sleeping          |       |       |     1 |     1 ||     2
         Distracted        |       |       |       |     2 ||     2
 Armour: Scale mail        |    48 |    56 |   165 |     3 ||   272
         Swamp dragon scal |       |       |       |    92 ||    92
  Dodge: Dodged            |    45 |    62 |   153 |   155 ||   415
  Block: Buckler           |    36 |    47 |    94 |    84 ||   261

Table legend: (Time is in decaauts)
 A = Elapsed time spent in this place.
 B = Non-inter-level travel time spent in this place.
 C = Inter-level travel time spent in this place.
 D = Time resting spent in this place.
 E = Time spent auto-exploring this place.
 F = Levels seen in this place.
 G = Mean time per level.
                   A        B        C        D        E       F      G
               +--------+--------+--------+--------+--------+-----+--------+
         Total |  14482 |  14142 |    340 |   7443 |   4591 |  11 | 1316.5 |
       Dungeon |  13569 |  13237 |    332 |   6852 |   4531 |   9 | 1507.7 |
        Temple |     85 |     77 |      8 |      0 |     59 |   1 |   85.0 |
        Bailey |    827 |    827 |      0 |    590 |      1 |   1 |  827.0 |
               +--------+--------+--------+--------+--------+-----+--------+

Top non-repeatable levels by time:
     D:7: 3044 daAuts
     D:8: 2527 daAuts
     D:5: 1778 daAuts
     D:1: 1684 daAuts
     D:6: 1539 daAuts
     D:3: 984 daAuts
     D:4: 875 daAuts
     D:2: 874 daAuts
  Bailey: 827 daAuts
     D:9: 261 daAuts
  Temple: 85 daAuts
